 Dungeon Crawl Stone Soup version 0.18.1-50-g88ac8fd (webtiles) character file.

283 radiusnl the Shield-Bearer (level 6, -7/47 HPs)
             Began as a Human Fighter on Sept 26, 2016.
             Was a Follower of Makhleb.
             Killed by divine providence
             ... invoked by an orc priest
              (12 damage)
             ... on level 3 of the Dungeon.
             The game lasted 00:33:11 (2782 turns).

radiusnl the Shield-Bearer (Human Fighter)          Turns: 2782, Time: 00:33:12

Health: -7/47      AC: 10    Str: 19    XL:     6   Next: 54%
Magic:  6/6        EV:  5    Int:  8    God:    Makhleb [*.....]
Gold:   170        SH:  9    Dex: 12    Spells: 0 memorised, 5 levels left

rFire  . . .     SeeInvis .     a - +0 long sword
rCold  . . .     Gourm    .     j - +0 chain mail
rNeg   . . .     Faith    .     c - +0 shield
rPois  .         Spirit   .     (no helmet)
rElec  .         Dismiss  .     o - +0 cloak
rCorr  +         Reflect  .     (no gloves)
SustAt .         Harm     .     (no boots)
MR     .....                    (no amulet)
Stlth  ..........               (no ring)
                                g - ring of resist corrosion

@: drained, not resistant to hostile enchantments, extremely unstealthy
A: no striking features
a: Renounce Religion


You were on level 3 of the Dungeon.
You worshipped Makhleb.
Makhleb was aware of your devotion.
You were not hungry.

You visited 1 branch of the dungeon, and saw 4 of its levels.

You collected 170 gold pieces.

Inventory:

Hand Weapons
 a - a +0 long sword (weapon)
 r - a +0 halberd
 y - a +0 hunting sling
 B - a +2 mace of draining
Missiles
 m - 116 stones (quivered)
 D - 10 poisoned needles
Armour
 c - a +0 shield (worn)
 j - a +0 chain mail (worn)
 o - a +0 cloak (worn)
 t - a +0 cloak
Jewellery
 g - a ring of resist corrosion (left hand)
Wands
 x - a wand of random effects (13/48)
Scrolls
 b - a scroll of random uselessness {unknown}
 d - a scroll of blinking {unknown}
 e - a scroll of teleportation {unknown}
 h - 2 scrolls of identify {unknown}
 i - a scroll of noise {unknown}
 l - a scroll of magic mapping {unknown}
 n - a scroll of enchant armour {unknown}
 A - 3 scrolls of remove curse
Potions
 k - a potion of berserk rage
 s - 2 potions of agility {unknown}
 u - a potion of degeneration {unknown}
 v - a potion of flight {unknown}
 w - a potion of invisibility {unknown}
 E - a potion of brilliance {unknown}
Comestibles
 f - 2 bread rations
 p - a meat ration
 q - a beef jerky
 z - a royal jelly
 C - 6 chunks of flesh


   Skills:
 + Level 3.6(3.4) Fighting
 + Level 3.6(3.4) Long Blades
 + Level 4.1(3.9) Armour
 + Level 1.6(1.4) Dodging
 + Level 0.2(0.0) Stealth
 + Level 4.4(4.2) Shields


You had 5 spell levels left.
You didn't know any spells.

Dungeon Overview and Level Annotations

Branches:
Dungeon (4/15)
 Temple: D:4-7

Altars:
Dithmenos
Fedhas
Gozag
Makhleb
Nemelex Xobeh
Qazlal
Trog


Message History

There is a stone staircase leading down here.
The orc warrior hits you but does no damage.
Things that are here:
a club; a hobgoblin skeleton The orc priest casts a cantrip, but nothing happens.
You closely miss the orc warrior.
The orc warrior hits you but does no damage.
The orc warrior hits you with a short sword!
* * * LOW HITPOINT WARNING * * *
You barely miss the orc warrior.
The orc priest casts a cantrip, but nothing happens.
The orc warrior hits you but does no damage.
Zapping:
x - a wand of random effects (will waste charges)
Press: ? - help, Shift-Dir - straight line, f - hobgoblin
Aim: a hobgoblin (moderately wounded)
The orc warrior resists with some effort.
Evoking this partially-identified wand wasted a few charges.
The orc priest calls down the wrath of Beogh upon you.
Beogh smites you!
You die...

#### ..# #####.# ########
#### #...#o#####......#######
.....#....go@..'......'......
......##.#o#####......#######
......'...............#
.#<...##.#.#########..#######
..... #..... ...............
.#.. #####.#######..#######
#. ... ...... # ..###########
.+ ..(...


You could see an orc warrior, an orc priest, an orc and a hobgoblin.

Vanquished Creatures
  An orc priest (D:3)
  A hound (D:3)
  Jessica (D:2)
  Natasha (thrice) (D:2)
  3 gnolls (D:3)
  2 adders (D:3)
  A worm (D:2)
  3 dart slugs
  2 giant geckos
  3 orcs (D:3)
  4 giant cockroaches
  9 goblins
  5 hobgoblins
  8 jackals
  A ball python (D:1)
  3 bats
  3 giant newts
  9 kobolds
  8 rats
70 creatures vanquished.

Notes
Turn   | Place    | Note
--------------------------------------------------------------
     0 | D:1      | radiusnl the Human Fighter began the quest for the Orb.
     0 | D:1      | Reached XP level 1. HP: 18/18 MP: 1/1
   205 | D:1      | Reached XP level 2. HP: 19/24 MP: 2/2
   506 | D:1      | Reached XP level 3. HP: 20/29 MP: 3/3
  1104 | D:2      | Reached skill level 1 in Dodging
  1326 | D:2      | Noticed Natasha
  1335 | D:2      | Killed Natasha
  1335 | D:2      | Reached XP level 4. HP: 21/35 MP: 4/4
  1349 | D:2      | Found a sparkling altar of Nemelex Xobeh.
  1349 | D:2      | Found an opulent altar of Gozag.
  1349 | D:2      | Found a burning altar of Makhleb.
  1349 | D:2      | Found a bloodstained altar of Trog.
  1351 | D:2      | Found a shadowy altar of Dithmenos.
  1365 | D:2      | Found a stormy altar of Qazlal.
  1396 | D:2      | Became a worshipper of Makhleb the Destroyer
  1436 | D:2      | Found a blossoming altar of Fedhas.
  1436 | D:2      | Noticed Jessica
  1444 | D:2      | Killed Jessica
  1444 | D:2      | Reached XP level 5. HP: 30/41 MP: 5/5
  1621 | D:2      | Noticed Natasha
  1641 | D:2      | Killed Natasha
  2002 | D:2      | Noticed Natasha
  2015 | D:2      | Killed Natasha
  2185 | D:3      | Reached * piety under Makhleb
  2208 | D:3      | Reached XP level 6. HP: 10/47 MP: 6/6
  2767 | D:3      | Noticed an orc warrior
  2782 | D:3      | Killed from afar by an orc priest

Skill      XL: |  1  2  3  4  5 |
---------------+----------------+-----
Dodging        | 1 |  1.6
Shields        | 4 |  4.4
Long Blades    | 3 |  3.6
Armour         | 4 |  4.1
Fighting       | |  3.6
Stealth        | |  0.2

Action                   |  1- 3 |  4- 6 || total
-------------------------+-------+-------++-------
Melee: Long sword        |   180 |   157 ||   337
Evoke: Wand              |       |     1 ||     1
  Use: Potion            |       |     3 ||     3
       Scroll            |       |     1 ||     1
  Eat: Chunk             |     1 |     5 ||     6
       Pizza             |       |     1 ||     1
Armor: Scale mail        |    23 |       ||    23
       Chain mail        |    76 |    88 ||   164
Dodge: Dodged            |    36 |    34 ||    70
Block: Shield            |    93 |    77 ||   170
